 Dungeon Crawl Stone Soup version 0.29.1-15-g9cfb28693d (webtiles) character file.

Game seed: 17081838058080429477

6455 sentinel the Thaumaturge (level 11, 88/88 HPs)
             Began as a Meteoran Earth Elementalist on July 31, 2023.
             Was a Believer of Kikubaaqudgha.
             Quit the game on level 11 of the Dungeon.
             The game lasted 00:19:26 (3147 turns).

sentinel the Thaumaturge (MeEE)                     Turns: 3147, Time: 00:19:26

Health: 88/88      AC:  2    Str: 10    XL:     11   Next: 41%
Magic:  28/28      EV: 16    Int: 21    God:    Kikubaaqudgha [**....]
Gold:   0          SH:  5    Dex: 15    Spells: 26/34 levels left

rFire   + + .      SeeInvis .   e - staff of conjuration {!a}
rCold   + . .      Faith    +   i - +0 buckler
rNeg    . . .      Spirit   .   a - +0 robe
rPois   .          Reflect  .   (no helmet)
rElec   .          Harm     .   q - scarf {rC+ rF+}
rCorr   .          Rampage  .   (no gloves)
Will    +....                   (no boots)
Stlth   +.........              o - amulet of faith
HPRegen 0.24/turn               v - +4 ring of evasion
MPRegen 0.21/turn               f - ring of protection from fire

@: glowing
A: sense surroundings 2, otherworldly, glowing, explore regen
a: Renounce Religion, Unearth Wretches


You were on level 11 of the Dungeon.
You worshipped Kikubaaqudgha.
Kikubaaqudgha was pleased with you.
You visited 2 branches of the dungeon, and saw 13 of its levels.

Inventory:

Hand Weapons
 j - a +3 dagger of distortion
 r - a +5 short sword of freezing
Missiles
 t - a curare-tipped dart
Armour
 a - a +0 robe (worn)
 i - a +0 buckler (worn)
 l - a +0 robe
 q - a scarf of resistance (worn)
 u - a +1 troll leather armour
Magical Staves
 e - a staff of conjuration (weapon) {!a}
Jewellery
 c - a ring of protection from cold
 f - a ring of protection from fire (right hand)
 k - a +6 ring of dexterity
 n - a ring of flight
 o - an amulet of faith (around neck)
 v - a +4 ring of evasion (left hand)
Wands
 V - a wand of flame (13)
Scrolls
 p - 2 scrolls of poison
 s - a scroll of brand weapon
 z - a scroll of blinking
Potions
 b - a potion of magic
 d - a potion of attraction
 g - a potion of ambrosia {unknown}
 h - 4 potions of lignification {unknown}
 m - a potion of mutation {unknown}
 w - 2 potions of flight {unknown}
 A - 2 potions of heal wounds {unknown}


   Skills:
 + Level 5.3 Fighting
 - Level 2.4 Dodging
 - Level 1.4 Stealth
 - Level 3.0 Shields
 - Level 12.0 Spellcasting
 - Level 3.0 Conjurations
 - Level 12.0 Necromancy
 - Level 1.2 Transmutations
 - Level 5.0 Earth Magic


You had 26 spell levels left.
You knew the following spells:

 Your Spells              Type           Power      Damage    Failure   Level
a - Sandblast             Erth           66%        2d15      1%          1
h - Stone Arrow           Conj/Erth      88%        3d12      4%          3
j - Passwall              Tmut/Erth      20%        N/A       3%          2
Z - Sublimation of Blood  Necr           58%        N/A       1%          2

Your spell library contained the following spells:

 Spells                   Type           Power      Damage    Failure   Level
 Necrotise                Necr           100%       1d9       1%          1
 Vampiric Draining        Necr           58%        2d10      1%          3
 Dispel Undead            Necr           58%        3d21      1%          4
 Agony                    Necr           58%        N/A       1%          5
 Anguish                  Hex/Necr       18%        N/A       6%          4
 Borgnjor's Vile Clutch   Necr/Erth      24%        N/A       6%          5
 Corpse Rot               Necr/Pois/Air  29%        N/A       13%         4
 Petrify                  Tmut/Erth      25%        N/A       19%         4
 Simulacrum               Ice/Necr       18%        N/A       65%         6


Dungeon Overview and Level Annotations

Branches:
Dungeon (12/15) Zot: 3965  Temple (1/1) D:4 Zot: 554    Lair (0/5) D:11
    Orc (0/2) D:10

Altars:
Cheibriados
Elyvilon
Fedhas
Gozag
Kikubaaqudgha
Okawaru
Qazlal
Ru
Sif Muna
Trog
Vehumet
Wu Jian
Xom
Yredelemnul
The Shining One

Annotations:
D:10 exclusion: statue


Innate Abilities, Weirdness & Mutations

You passively map the area around you.
You are easily found by Zot.
You glow in the dark.
You regain HP and MP as you explore.


Message History

a +0 hand axe; a potion of magic Magic restored.
Found a stone staircase leading down.
Casting: Sandblast (safe; 1% risk of failure)
Confirm with . or Enter, or press ? or * to list all spells.
Aiming: Passwall (safe; 3% risk of failure)
Press: ? - help, Dir - move target A translucent rock wall.
You begin to meditate on the wall.
You continue meditating on the rock. x2
You finish merging with the rock.
Found a snail-covered altar of Cheibriados.
Casting: Passwall (safe; 3% risk of failure)
Confirm with . or Enter, or press ? or * to list all spells.
Aiming: Passwall (safe; 3% risk of failure)
Press: ? - help, Dir - move target A rock wall.
You begin to meditate on the wall.
You continue meditating on the rock. x3
You finish merging with the rock.
Found an ebony flail.
You see here the +8 flail "Etage" {vorpal, Int+3}.
Found a whip.
Things that are here:
a +2 whip of flaming; a +0 robe You see here a howler monkey skeleton.
You see here a howler monkey skeleton.
Things that are here:
a +2 whip of flaming; a +0 robe You see here a +0 dagger.
Things that are here:
a +0 war axe; a +0 chain mail You see here a +0 mace.
You see here a +0 spear.
You see here a +0 spear.
You see here the +8 flail "Etage" {vorpal, Int+3}.
Done exploring.
Done exploring.
Done exploring.
(D) Dungeon (T) Temple (O) Orcish Mines
Where to? (Enter - D:8, ? - help)
Okay, then.
(D) Dungeon (T) Temple (O) Orcish Mines
Where to? (Enter - D:8, ? - help)
You see here the +8 flail "Etage" {vorpal, Int+3}.
You see here a +0 spear.
There is a stone staircase leading down here.
You climb downwards.
There is a stone staircase leading up here.
There is an open door here.
You open the door.
A wyvern comes into view.
Found a yellow potion.
But you're not safe! But you're not safe!
(D) Dungeon (T) Temple (O) Orcish Mines
Where to? (Enter - D:9, ? - help)
Okay, then.
The wyvern hisses angrily.
There is an open door here.
The blast of sand hits the wyvern!
The wyvern is heavily wounded.
The blast of sand hits the wyvern!
The wyvern is almost dead.
The wyvern bites you! x2
The blast of sand hits the wyvern.
The wyvern is almost dead.
The wyvern bites you! The wyvern barely misses you.
The blast of sand hits the wyvern.
You kill the wyvern!
Kikubaaqudgha accepts your kill.
Your Fighting skill increases to level 5!
You can't see any susceptible monsters within range! (Use Z to cast anyway.)
You can't see any susceptible monsters within range! (Use Z to cast anyway.)
You can't see any susceptible monsters within range! (Use Z to cast anyway.)
You can't see any susceptible monsters within range! (Use Z to cast anyway.)
You can't see any susceptible monsters within range! (Use Z to cast anyway.)
You can't see any susceptible monsters within range! (Use Z to cast anyway.)
You can't see any susceptible monsters within range! (Use Z to cast anyway.)
(D) Dungeon (T) Temple (O) Orcish Mines
Where to? (Enter - D:9, ? - help) Magic restored.
You open the door.
There is an open door here.
HP restored.
There is a stone staircase leading down here.
You climb downwards.
Level annotation: exclusion: statue
There is a stone staircase leading up here.
You see here a piece from Xom's chessboard (15/15).
You see here a +0 whip.
There is a staircase to the Orcish Mines here.
You see here a +0 morningstar.
You see here a +0 morningstar.
There is a stone staircase leading up here.
There is a stone staircase leading down here.
There is a shaft here.
There is an open door here.
You open the door.
There is an open door here.
There is an open door here.
There is an open door here.
There is a large open door here.
There is a large open door here.
You see here 5 stones.
You see here 5 stones.
There is a large open door here.
You open the large door.
There is a large open door here.
You see here 16 gold pieces.
Partly explored, can't reach some places.
Partly explored, can't reach some places.
Unknown command.
Unknown command.
There are no items here.
Unknown command.
(D) Dungeon (T) Temple (O) Orcish Mines
Where to? (Enter - D:10, ? - help)
Okay, then.
(D) Dungeon (T) Temple (O) Orcish Mines
Where to? (Enter - D:10, ? - help)
You see here 16 gold pieces.
There is a stone staircase leading down here.
You climb downwards.
There is a stone staircase leading up here.
Sorry, I don't know how to traverse that place.
Casting: Sandblast (safe; 1% risk of failure)
Confirm with . or Enter, or press ? or * to list all spells.
Aiming: Passwall (safe; 3% risk of failure)
Press: ? - help, Dir - move target A rock wall.
You begin to meditate on the wall.
You continue meditating on the rock. x2
You finish merging with the rock.
No target in view!
Unknown command.
Casting: Passwall (safe; 3% risk of failure)
Confirm with . or Enter, or press ? or * to list all spells.
Aiming: Passwall (safe; 3% risk of failure)
Press: ? - help, Dir - move target A rock wall.
This rock feels extremely deep.
Casting: Passwall (safe; 3% risk of failure)
Confirm with . or Enter, or press ? or * to list all spells.
Aiming: Passwall (safe; 3% risk of failure)
Press: ? - help, Dir - move target A rock wall.
You begin to meditate on the wall.
You continue meditating on the rock. x2
You finish merging with the rock.
There is an escape hatch in the floor here.
Found a staircase to the Lair.
Magic restored.
Unknown command.
Are you sure you want to abandon this character and quit the game? (Confirm with "yes".)

~~.~###.###### ~~.~#
#....# ...~# ####.####
...~# #..>.# ..~~#
####.### .~~######
#...#
~~##....#######.####
~######...##.......####
## ###...$...@.....# #
###........##>#
##.......#** #.......#
#.......# #########


There were no monsters in sight!

Vanquished Creatures
  A two-headed ogre (D:8)
  Nergalle (D:10)
  Pikel (D:8)
  A gargoyle (D:10)
  Psyche (D:10)
  3 trolls
  A wraith (D:10)
  2 wyverns
  2 vampire mosquitoes (D:11)
  Menkaure (D:6)
  A steam dragon (D:8)
  A water moccasin (D:8)
  3 orc warriors
  A black bear (D:8)
  An ogre (D:6)
  6 centaurs
  A phantom (D:6)
  A lemure (D:9)
  3 kobold brigands
  2 bullfrogs
  2 gnoll sergeants
  A scorpion (D:7)
  4 wights (D:9)
  A killer bee (D:8)
  An electric eel (D:11)
  9 howler monkeys
  A jelly (D:5)
  4 orc priests
  6 orc wizards
  Natasha (twice) (D:2)
  9 gnolls
  2 adders
  A dart slug (D:5)
  18 orcs
  2 goblins (D:2)
  A hobgoblin (D:1)
  13 kobolds
  2 ball pythons
  A bat (D:2)
  2 rats (D:2)
116 creatures vanquished.

Vanquished Creatures (others)
  A fungus (D:9)
  A plant (D:9)
2 creatures vanquished.

Grand Total: 118 creatures vanquished

Notes
Turn   | Place    | Note
-------+----------+-------------------------------------------
     0 | D:1      | sentinel the Meteoran Earth Elementalist began the quest
                  | for the Orb.
     0 | D:1      | Reached XP level 1. HP: 14/14 MP: 5/5
    27 | D:2      | Found a faded altar of an unknown god.
    79 | D:2      | Noticed Natasha
    85 | D:2      | Killed Natasha
    86 | D:2      | Reached skill level 5 in Earth Magic
    86 | D:2      | Reached XP level 2. HP: 20/20 MP: 1/6
    86 | D:2      | Reached XP level 3. HP: 26/26 MP: 1/8
    89 | D:2      | Learned a level 2 spell: Passwall
    93 | D:2      | Learned a level 3 spell: Stone Arrow
   111 | D:2      | Noticed Natasha
   112 | D:2      | Killed Natasha
   113 | D:2      | Reached skill level 1 in Conjurations
   113 | D:2      | Reached XP level 4. HP: 33/33 MP: 7/10
   210 | D:4      | Reached XP level 5. HP: 38/38 MP: 7/11
   228 | D:4      | Found a staircase to the Ecumenical Temple.
   235 | Temple   | Entered the Ecumenical Temple
   271 | Temple   | Became a worshipper of Kikubaaqudgha
   326 | D:5      | Entered Level 5 of the Dungeon
   334 | D:5      | Reached skill level 1 in Shields
   370 | D:5      | Reached XP level 6. HP: 8/45 MP: 0/13
   429 | D:6      | Noticed Menkaure
   432 | D:6      | Noticed an ogre
   434 | D:6      | Killed Menkaure
   435 | D:6      | Reached skill level 5 in Spellcasting
   435 | D:6      | Reached XP level 7. HP: 50/50 MP: 7/15
   456 | D:6      | Found a bloodstained altar of Trog.
   501 | D:6      | Reached skill level 5 in Necromancy
   501 | D:6      | Reached XP level 8. HP: 40/57 MP: 6/16
   584 | D:7      | Noticed a wyvern
   591 | D:7      | Killed a wyvern
   631 | D:8      | Gained mutation: You passively map the area around you.
                  | [Meteoran growth]
   631 | D:8      | Reached XP level 9. HP: 62/62 MP: 10/20
   681 | D:8      | Noticed a two-headed ogre
   690 | D:8      | Killed a two-headed ogre
   694 | D:8      | Noticed Pikel
   702 | D:8      | Reached * piety under Kikubaaqudgha
   702 | D:8      | Received a gift from Kikubaaqudgha
   727 | D:9      | Learned a level 2 spell: Sublimation of Blood
   763 | D:9      | Reached XP level 10. HP: 43/69 MP: 0/24
   855 | D:9      | Reached skill level 1 in Fighting
   882 | D:9      | Found a stormy altar of Qazlal.
   882 | D:9      | Found a blossoming altar of Fedhas.
   885 | D:10     | Entered Level 10 of the Dungeon
   887 | D:10     | Noticed a gargoyle
   894 | D:10     | Killed a gargoyle
   978 | D:12     | Noticed a manticore
   979 | D:12     | Reached skill level 10 in Necromancy
  1035 | D:11     | Reached skill level 10 in Spellcasting
  1134 | D:10     | Noticed Psyche
  1143 | D:10     | Killed Psyche
  1205 | D:10     | Reached ** piety under Kikubaaqudgha
  1279 | D:10     | Noticed Nergalle
  1286 | D:10     | Killed Nergalle
  1446 | D:10     | Reached XP level 11. HP: 84/84 MP: 26/28
  1554 | D:10     | Found an ornate altar of the Wu Jian Council.
  1657 | D:10     | Found a staircase to the Orcish Mines.
  1694 | D:10     | Found a radiant altar of Vehumet.
  1960 | D:8      | Killed Pikel
  2099 | D:8      | Reached *** piety under Kikubaaqudgha
  2099 | D:8      | Received a gift from Kikubaaqudgha
  2116 | D:8      | Found a snail-covered altar of Cheibriados.
  2126 | D:8      | Identified the +8 flail "Etage" {vorpal, Int+3}
  2328 | D:9      | Reached skill level 5 in Fighting
  3144 | D:11     | Found a staircase to the Lair.
  3147 | D:11     | Quit the game

Illustrated notes

Levels and vault maps discovered:
D:1:      ncdulo_wetmaze, layout_basic
D:2:      layout_rooms, nicolae_ecumenical_oubliette, kennysheep_path_1,
          st_stairs_4, uniq_crazy_yiuf_cottage, uniq_natasha
D:3:      layout_rooms, riverfiend_overflow_shadow_ancestor,
          nicolae_ashenzari_skybound, supply_closet_lemuel, uniq_grinder
D:4:      layout_basic, minmay_temple_entry_gardened_gates,
          portal_sewer_entry_e, uniq_robin, uniq_eustachio
D:5:      layout_loops_ring, serial_shops, shop_fountains,
          ebering_ghost_disaster_area
D:6:      layout_loops_ring, makhleb_altar_promises_db, trog_butcher_becter,
          uniq_maggie, uniq_menkaure
D:7:      layout_loops_ring
D:8:      minmay_spotlight, layout_rooms, nicolae_overflow_hidden_temple,
          uniq_pikel
D:9:      layout_roguey, grunt_temple_overflow_forces_of_nature, zin_academy,
          nemelex_altar_shiori, serial_rivers, chequers_serial_rivers_small_b,
          chequers_serial_rivers_marsh, chequers_serial_rivers_micro_b,
          chequers_serial_rivers_marsh, uniq_erolcha
D:10:     layout_layer_cave, kennysheep_mini, vehumet_statue, orc_0_dummy,
          kennysheep_big_empty_room, kennysheep_minor_cross,
          minmay_misc_feat_tower, minmay_misc_feat_nine_boxes, billiards_dpeg,
          uniq_nergalle, uniq_psyche
D:11:     layout_rooms, lair_entry_dummy, kennysheep_cross_room,
          minmay_misc_feat_alley
D:12:     layout_long_grid
Temple:   nicolae_temple_two_arcs

Skill      XL: |  1  2  3  4  5  6  7  8  9 10 11 |
---------------+----------------------------------+-----
Earth Magic    | 5 |  5.0
Spellcasting   | 3 4 5 7 9 12 | 12.0
Conjurations   | 1 2 3 |  3.0
Shields        | 1 3 |  3.0
Necromancy     | 2 5 7 9 10 12 | 12.0
Fighting       | 4 5 |  5.3
Dodging        | |  2.4
Stealth        | |  1.4
Transmutations | |  1.2

Action                   |  1- 3 |  4- 6 |  7- 9 | 10-12 || total
-------------------------+-------+-------+-------+-------++-------
Melee: Unarmed           |       |       |     1 |       ||     1
 Cast: Sandblast         |    10 |    24 |    52 |    83 ||   169
       Passwall          |       |     3 |     7 |    33 ||    43
       Stone Arrow       |       |     6 |    31 |    52 ||    89
Evoke: Wand              |       |       |       |     2 ||     2
  Use: Scroll            |       |       |       |     9 ||     9
Armor: Robe              |       |     1 |     1 |    12 ||    14
Dodge: Dodged            |     3 |    11 |    18 |    47 ||    79
Block: Buckler           |       |     2 |    15 |    23 ||    40
